Map: Oxide LE

Players

Probe

  • Race: Protoss Protoss

Dark - Winner!

  • Race: Zerg Zerg

Event: DreamHack SC2 Masters 2021 Fall

VOD

Have the link to the VOD?

Description

Time

  • Played on: Sept. 9, 2021, 9:07 a.m.
  • Length: 4:09

All games in this series

Show
View Real Time Build Order
Export as new Build Order

Probe Protoss 

Build Orders:  

Get SALT Encoding   

  12  0:00  Probe  
  13  0:12  Probe  
  14  0:19  Pylon  
  14  0:24  Probe  
  15  0:37  Probe (Chrono Boost)  
  16  0:44  Gateway  
  16  0:47  Probe (Chrono Boost)  
  17  0:51  Assimilator  
  17  0:52  Probe (Chrono Boost)  
  18  1:04  Probe  
  19  1:11  Forge  
  19  1:16  Probe  
  20  1:28  Probe  
  21  1:36  Cybernetics Core  
  21  1:43  Pylon  
  21  1:45  Pylon  
  21  1:46  Pylon  
  21  2:01  Photon Cannon  
  21  2:04  Gateway  
  21  2:05  Pylon  
  21  2:12  Photon Cannon  
  21  2:24  Robotics Facility  
  21  2:26  Shield Battery  
  21  2:37  Shield Battery  
  21  2:44  Shield Battery  
  21  2:48  Stalker (Chrono Boost)  
  23  2:53  Shield Battery  
  23  3:01  Pylon  
  23  3:08  Photon Cannon  
  27  3:28  Shield Battery  
  27  3:38  Shield Battery  
  27  3:43  Pylon  
  24  3:51  Pylon  
  24  3:58  Pylon  
  21  4:02  Gateway  
Show
View Real Time Build Order
Export as new Build Order

Dark Zerg - Winner!

Build Orders: Hatch First 

Get SALT Encoding   

  12  0:00  Drone  
  13  0:12  Overlord  
  13  0:17  Drone  
  14  0:30  Drone x2  
  16  0:37  Drone  
  17  0:47  Drone  
  18  0:55  Hatchery  
  17  0:59  Drone  
  17  1:03  Extractor  
  17  1:14  Spawning Pool  
  17  1:16  Drone  
  17  1:19  Drone  
  18  1:31  Drone  
  19  1:40  Drone  
  20  2:01  Zergling x4  
  20  2:05  Spine Crawler  
  20  2:06  Metabolic Boost  
  20  2:07  Queen  
  23  2:08  Spine Crawler  
  23  2:13  Queen  
  24  2:18  Zergling x2  
  24  2:21  Zergling x2  
  26  2:34  Baneling Nest, Overlord  
  25  2:39  Zergling x2  
  26  2:55  Zergling x2  
  26  2:56  Zergling x4  
  28  2:59  Zergling x6  
  31  3:12  Zergling x4  
  33  3:19  Baneling x5  
  33  3:21  Zergling x2  
  33  3:24  Zergling x2  
  35  3:28  Zergling x2  
  31  3:47  Zergling x6  
  34  3:51  Drone x2  

Tags
 
Add a new tag
Caveats
  • Supply blocks, unpowered buildings, or Contaminate may cause inaccurate times.
  • Supply counts are checked every 10 seconds.